 Dungeon Crawl Stone Soup version 0.18-a0-1343-g48c8f86 (console) character file.

429 Liam the Magician (level 6, 0/32 HPs)
             Began as a Deep Elf Wizard on Feb 15, 2016.
             Was an Initiate of Vehumet.
             Killed by nerve-wracking pain
             ... invoked by a shadow imp
              (13 damage)
             ... on level 5 of the Dungeon on Feb 16, 2016.
             The game lasted 00:10:32 (4055 turns).

Liam the Magician (Deep Elf Wizard)                 Turns: 4055, Time: 00:10:33

Health: 0/32       AC:  4    Str:  4    XL:     6   Next: 66%
Magic:  8/17       EV: 12    Int: 25    God:    Vehumet [......]
Gold:   194        SH:  0    Dex: 13    Spells: 5 memorised, 7 levels left

rFire  . . .     SeeInvis .     (no weapon)
rCold  . . .     Gourm    .     A - +0 robe (curse)
rNeg   . . .     Faith    .     (no shield)
rPois  +         Spirit   .     s - +0 helmet (curse)
rElec  .         Dismiss  .     (no cloak)
rCorr  .         Reflect  .     r - +0 pair of gloves
SustAt .         Harm     .     (no boots)
MR     .....                    (no amulet)
Stlth  ++........               (no ring)
                                k - ring of poison resistance

@: lethally poisoned (0 -> -1), not resistant to hostile enchantments,
unstealthy
A: no striking features
a: Renounce Religion


You were on level 5 of the Dungeon.
You worshipped Vehumet.
Vehumet was noncommittal.
You were not hungry.

You visited 2 branches of the dungeon, and saw 6 of its levels.

You collected 194 gold pieces.

Inventory:

Armour
 r - a +0 pair of gloves (worn)
 s - a cursed +0 helmet (worn)
 A - a cursed +0 robe (worn)
Jewellery
 k - a ring of poison resistance (left hand)
Scrolls
 l - 2 scrolls of identify {unknown}
 n - 2 scrolls of magic mapping {unknown}
 o - a scroll of enchant weapon {unknown}
 q - a scroll of teleportation {unknown}
 w - a scroll of remove curse {unknown}
 x - a scroll of enchant armour {unknown}
 y - a scroll of amnesia {unknown}
Potions
 i - a potion of cure mutation {unknown}
 j - a potion of magic {unknown}
 m - a potion of degeneration {unknown}
 p - a potion of agility {unknown}
 t - a potion of cancellation {unknown}
 v - 2 potions of ambrosia {unknown}
 z - a potion of flight {unknown}
 B - a potion of lignification {unknown}
 D - a potion of mutation {unknown}
Comestibles
 d - 3 bread rations
 g - 2 beef jerkies
 u - 2 meat rations


   Skills:
 - Level 2.4 Dodging
 - Level 2.4 Stealth
 + Level 6.6 Spellcasting
 * Level 4.6 Conjurations
 + Level 2.0 Charms
   Level 1.1 Summonings
 + Level 1.8 Translocations
 + Level 1.2 Fire Magic
 * Level 2.0 Air Magic
 * Level 1.6 Poison Magic


You had 7 spell levels left.
You knew the following spells:

 Your Spells              Type           Power        Failure   Level  Hunger
a - Magic Dart            Conj           ####         1%          1    None
b - Blink                 Tloc           N/A          8%          2    None
d - Mephitic Cloud        Conj/Pois/Air  ###.....     10%         3    None
e - Conjure Flame         Conj/Fire      ###.....     8%          3    None
m - Repel Missiles        Chrm/Air       ###...       6%          2    None


Dungeon Overview and Level Annotations

Branches:
Dungeon (5/15)             Temple (1/1) D:4

Altars:
Ashenzari
Cheibriados
Dithmenos
Fedhas
Gozag
Kikubaaqudgha
Makhleb
Nemelex Xobeh
Okawaru
Pakellas
Qazlal
Sif Muna
Trog
Vehumet
Xom
Yredelemnul
Zin
The Shining One

Annotations:
D:4 Eustachio


Message History

The magic dart hits the shadow imp.
The shadow imp is lightly wounded.
Casting: Magic Dart
Confirm with . or Enter, or press ? or * to list all spells.
Aiming: Magic Dart
Press: ? - help, Shift-Dir - straight line, f/p - shadow imp
Aim: a shadow imp (lightly wounded)
The magic dart hits the shadow imp.
The shadow imp is moderately wounded.
The shadow imp shouts, "Scamper home, thou pandering ditch-delivered surfacer!"
Casting: Magic Dart
Confirm with . or Enter, or press ? or * to list all spells.
Aiming: Magic Dart
Press: ? - help, Shift-Dir - straight line, f/p - shadow imp
Aim: a shadow imp (moderately wounded)
The magic dart hits the shadow imp.
The shadow imp is moderately wounded.
The shadow imp gestures at you. Pain shoots through your body!
You die...

####### #
##...<.#
....###.=....#
.........5@..#
.#......######
#...#.## #..
#. ../ #. ##
.# . #.


You could see a shadow imp.

Vanquished Creatures
  An ogre (D:4)
  A giant frog (D:4)
  A hound (D:4)
  An orc priest (D:4)
  2 giant frog skeletons (D:3)
  Natasha (D:3)
  2 worker ants
  A hound skeleton (D:4)
  4 adders
  An ooze (D:4)
  An adder zombie (D:4)
  A worm (D:3)
  The ghost of ololoev the Firebug, a weakling DEFE (D:3)
  6 giant geckos
  4 orcs
  3 bats
  9 goblins
  7 hobgoblins
  A quokka (D:3)
  2 ball pythons
  6 giant newts
  7 kobolds
  5 rats
68 creatures vanquished.

Notes
Turn   | Place    | Note
--------------------------------------------------------------
     0 | D:1      | Liam the Deep Elf Wizard began the quest for the Orb.
     0 | D:1      | Reached XP level 1. HP: 10/10 MP: 7/7
   371 | D:1      | Reached XP level 2. HP: 15/15 MP: 6/9
   455 | D:1      | Learned a level 2 spell: Blink
   458 | D:1      | Learned a level 2 spell: Repel Missiles
   921 | D:2      | Reached skill level 5 in Spellcasting
   973 | D:2      | Found a shimmering altar of Xom.
  1069 | D:2      | Found a burning altar of Makhleb.
  1093 | D:2      | Reached XP level 3. HP: 19/19 MP: 4/11
  1094 | D:2      | Upgraded the game from 0.18-a0-1323-g706dcef to 0.18-a0-1343-g48c8f86
  1223 | D:2      | Found a shadowy altar of Dithmenos.
  1223 | D:2      | Found a glowing golden altar of the Shining One.
  1225 | D:2      | Found a bloodstained altar of Trog.
  1433 | D:2      | Found a sparkling altar of Nemelex Xobeh.
  1667 | D:3      | Reached XP level 4. HP: 8/24 MP: 2/13
  2013 | D:3      | Learned a level 3 spell: Mephitic Cloud
  2017 | D:3      | Learned a level 3 spell: Conjure Flame
  2068 | D:3      | Reached skill level 6 in Spellcasting
  2312 | D:3      | Noticed Natasha
  2315 | D:3      | Killed Natasha
  2315 | D:3      | Reached XP level 5. HP: 28/28 MP: 11/15
  2325 | D:3      | Noticed ololoev's ghost (weakling DEFE)
  2327 | D:3      | Killed ololoev's ghost
  2399 | D:3      | Found a glowing silver altar of Zin.
  2486 | D:4      | Found a staircase to the Ecumenical Temple.
  2885 | D:4      | Reached skill level 1 in Charms
  2885 | D:4      | Reached skill level 1 in Air Magic
  2885 | D:4      | Reached skill level 1 in Poison Magic
  2919 | D:4      | Reached XP level 6. HP: 28/32 MP: 12/17
  2942 | D:4      | Noticed Eustachio
  3305 | D:3      | Reached skill level 1 in Fire Magic
  3537 | D:4      | HP: 1/32 [Eustachio/rapier (5)]
  3553 | D:5      | Entered Level 5 of the Dungeon
  3553 | D:5      | Found a shattered altar of Ashenzari.
  3798 | Temple   | Entered the Ecumenical Temple
  3967 | Temple   | Became a worshipper of Vehumet
  4055 | D:5      | Killed from afar by a shadow imp

Vault maps used:
D:1:      dpeg_arrival_tiny_a
D:2:      nicolae_overflow_hidden_temple, old_standard_altar, first_bread
D:3:      lemuel_coloured_pillars_altar, uniq_natasha
D:4:      temple_pool_a, uniq_eustachio
D:5:      ashenzari_altar_1, uniq_duvessa
Temple:   roderic_octagonal_lattice_temple

Action                   |  1- 3 |  4- 6 || total
-------------------------+-------+-------++-------
Melee: Unarmed           |       |     3 ||     3
 Cast: Magic Dart        |    69 |   138 ||   207
       Mephitic Cloud    |       |     5 ||     5
       Blink             |       |     2 ||     2
       Conjure Flame     |       |     1 ||     1
  Use: Potion            |       |     2 ||     2
 Stab: Confused          |       |     1 ||     1
  Eat: Chunk             |     2 |     6 ||     8
       Pizza             |       |     1 ||     1
